 Dungeon Crawl Stone Soup version 0.30-a0-585-g93115170b9 (webtiles) character file.

Game seed: 7482323676313225315

737 mhtbhm the Chopper (level 7, -3/67 HPs)
             Began as a Troll Fighter on Jan 1, 2023.
             Slain by a black bear (6 damage)
             ... on level 5 of the Dungeon.
             The game lasted 00:04:05 (3527 turns).

mhtbhm the Chopper (Troll Fighter)                  Turns: 3527, Time: 00:04:06

Health: -3/67      AC:  4    Str: 27    XL:     7   Next: 46%
Magic:  6/6        EV:  9    Int: 10    God:
Gold:   159        SH:  7    Dex:  9    Spells: 6/6 levels left

rFire   . . .      SeeInvis .    a - +0 war axe
rCold   . . .      Faith    .    c - +0 kite shield
rNeg    . . .      Spirit   .    b - +0 robe
rPois   .          Reflect  .    (helmet restricted)
rElec   .          Harm     .    (no cloak)
rCorr   .          Rampage  .    (gloves unavailable)
Will    .....                    (boots unavailable)
Stlth   +                        (no amulet)
HPRegen 1.11/turn                k - ring of flight
MPRegen 0.10/turn                w - +6 ring of intelligence

@: flying
A: large, unfitting armour, claws 3, regeneration 1, shaggy fur 1, tough skin 1
a: no special abilities


You were on level 5 of the Dungeon.
You visited 1 branch of the dungeon, and saw 5 of its levels.

You collected 239 gold pieces.
You spent 80 gold pieces at shops.

Inventory:

Hand Weapons
 a - a +0 war axe (weapon)
Missiles
 y - a curare-tipped dart (quivered)
Armour
 b - a +0 robe (worn)
 c - a +0 kite shield (worn)
Jewellery
 k - a ring of flight (left claw)
 w - a +6 ring of intelligence (right claw)
 z - a ring of magical power
Scrolls
 e - 2 scrolls of brand weapon
 f - 4 scrolls of teleportation
 g - a scroll of amnesia
 j - a scroll of blinking
 m - a scroll of enchant armour
 p - 2 scrolls of fear
 r - a scroll of identify
 s - a scroll of enchant weapon
Potions
 d - a potion of might
 h - 2 potions of heal wounds
 i - a potion of cancellation
 l - a potion of haste
 n - a potion of magic {unknown}
 o - a potion of ambrosia {unknown}
 q - a potion of brilliance {unknown}
 t - a potion of resistance {unknown}
 u - a potion of attraction {unknown}
 v - a potion of flight
 x - 2 potions of curing {unknown}
 A - a potion of lignification {unknown}


   Skills:
 + Level 3.6 Fighting
 + Level 4.9 Axes
 + Level 4.0 Dodging
 + Level 0.6 Stealth
 + Level 3.8 Shields


You had 6 spell levels left.
You didn't know any spells.
Your spell library contained the following spells:

 Spells                   Type           Power      Damage    Failure   Level
 Dazzling Flash           Conj/Hex       0%         N/A       95%         3
 Inner Flame              Hex/Fire       0%         N/A       95%         3
 Animate Dead             Necr           0%         N/A       100%        4
 Cause Fear               Hex            0%         N/A       100%        4
 Agony                    Necr           0%         N/A       100%        5
 Borgnjor's Vile Clutch   Necr/Erth      0%         N/A       100%        5
 Silence                  Hex/Air        0%         N/A       100%        5
 Death Channel            Necr           0%         N/A       100%        6
 Discord                  Hex            0%         N/A       100%        8


Dungeon Overview and Level Annotations

Branches:
Dungeon (5/15)
 Temple: D:4-7

Altars:
Cheibriados
Hepliaklqana
Wu Jian

Shops:
D:2 ?


Innate Abilities, Weirdness & Mutations

You are too large for most types of armour.
You have claws for hands.
Your natural rate of healing is unusually fast.
You are covered in fur. (AC +1)
You have tough skin. (AC +1)


Message History

You block the black bear's attack. x3
The black bear claws you but does no damage.
The black bear bites you! The black bear closely misses you.
The black bear claws you.
You are too injured to fight recklessly!
You are too injured to fight recklessly!
You are too injured to fight recklessly!
You are too injured to fight recklessly!
You are too injured to fight recklessly!
You are too injured to fight recklessly!
You are too injured to fight recklessly!
You are too injured to fight recklessly!
You are too injured to fight recklessly!
You are too injured to fight recklessly!
You are too injured to fight recklessly!
You are too injured to fight recklessly!
You are too injured to fight recklessly!
You are too injured to fight recklessly!
You are too injured to fight recklessly!
You are too injured to fight recklessly!
You are too injured to fight recklessly!
You are too injured to fight recklessly!
You are too injured to fight recklessly!
You are too injured to fight recklessly!
You are too injured to fight recklessly!
You are too injured to fight recklessly!
You slash the black bear!
The black bear is almost dead.
The black bear bites you!
* * * LOW HITPOINT WARNING * * *
The black bear claws you.
* * * LOW HITPOINT WARNING * * *
The black bear claws you.
* * * LOW HITPOINT WARNING * * *
You completely miss the black bear.
The black bear is almost dead.
The black bear bites you!
* * * LOW HITPOINT WARNING * * *
The black bear claws you.
You die...

........# #.......#
...# #.......# ...#
#.......# ...#
#.#...### ...#
......###### ...#
#..........## ...#
#####'####..#####...#
##.......#......@h..#
##.......##.####..###
'.........+.. #..#
#.........##.. .....
...........#####..###
##.......### #..#
#+#...#+# #... #####
....


You could see a black bear (berserk).

Vanquished Creatures
  An ice beast (D:5)
  A sky beast (D:4)
  A kobold brigand (D:4)
  3 scorpions
  A howler monkey (D:5)
  2 orc priests
  Natasha (D:3)
  2 orc wizards (D:5)
  5 adders
  2 worms (D:3)
  3 dart slugs
  10 orcs
  5 ball pythons
  7 endoplasms
  A giant cockroach (D:1)
  8 goblins
  11 hobgoblins
  3 jackals (D:4)
  5 kobolds
  3 quokkas
  4 bats
  A frilled lizard (D:3)
  2 rats (D:3)
82 creatures vanquished.

Vanquished Creatures (others)
  20 plants (D:4)
20 creatures vanquished.

Grand Total: 102 creatures vanquished

Notes
Turn   | Place    | Note
-------+----------+-------------------------------------------
     0 | D:1      | mhtbhm the Troll Fighter began the quest for the Orb.
     0 | D:1      | Reached XP level 1. HP: 22/22 MP: 0/0
   246 | D:1      | Reached XP level 2. HP: 27/29 MP: 1/1
   636 | D:2      | Found Mohiq's Magic Scroll Shop.
   752 | D:2      | Reached XP level 3. HP: 19/36 MP: 2/2
  1061 | D:2      | Bought a scroll of identify for 20 gold pieces
  1065 | D:2      | Bought a scroll of identify for 20 gold pieces
  1065 | D:2      | Bought a scroll of identify for 20 gold pieces
  1248 | D:2      | Reached XP level 4. HP: 43/44 MP: 3/3
  1443 | D:2      | Bought a scroll of identify for 20 gold pieces
  1711 | D:3      | Found a faded altar of an unknown god.
  1869 | D:3      | Noticed Natasha
  1875 | D:3      | Killed Natasha
  1885 | D:3      | Found a snail-covered altar of Cheibriados.
  1911 | D:3      | Reached XP level 5. HP: 26/53 MP: 4/4
  2280 | D:4      | Noticed a sky beast
  2292 | D:4      | Killed a sky beast
  2293 | D:4      | Reached XP level 6. HP: 29/61 MP: 5/5
  2556 | D:4      | Found an ornate altar of the Wu Jian Council.
  2845 | D:4      | Found a hazy altar of Hepliaklqana.
  3050 | D:5      | Entered Level 5 of the Dungeon
  3060 | D:5      | Noticed an ice beast
  3073 | D:5      | Killed an ice beast
  3074 | D:5      | Reached XP level 7. HP: 44/67 MP: 6/6
  3527 | D:5      | HP: 3/67 [black bear (11)]
  3527 | D:5      | Slain by a black bear

Illustrated notes

Levels and vault maps discovered:
D:1:      ebering_hopf_link, layout_loops_ring, minmay_small_reverse_x
D:2:      cheibrodos_greedy_goblins, layout_basic, serial_shops, shop
D:3:      layout_basic, mainiacjoe_overflow_alcove_4, basic_ecumenical_altar,
          uniq_natasha
D:4:      layout_loops_cross, nicolae_wu_jian_immortal_techniques,
          nicolae_hepliaklqana_hazy_memory
D:5:      nicolae_cairo_tiling_very_big, layout_basic,
          lemuel_mausoleum_altar_yredelemnul, nicolae_ru_the_path_less_chosen,
          kennysheep_small_spiral

Skill      XL: |  1  2  3  4  5  6  7 |
---------------+----------------------+-----
Axes           | 2 3 4 |  4.9
Shields        | 3 |  3.8
Fighting       | 3 |  3.6
Dodging        | 3 4 |  4.0
Stealth        | |  0.6

Action                   |  1- 3 |  4- 6 |  7- 9 || total
-------------------------+-------+-------+-------++-------
Melee: War axe           |    98 |   154 |    58 ||   310
  Use: Potion            |     2 |       |       ||     2
       Scroll            |     7 |     4 |       ||    11
Armor: Robe              |    43 |    56 |    29 ||   128
Dodge: Dodged            |    41 |    50 |    29 ||   120
Block: Kite shield       |    43 |    58 |    19 ||   120

Table legend: (Time is in decaauts)
 A = Elapsed time spent in this place.
 B = Non-inter-level travel time spent in this place.
 C = Inter-level travel time spent in this place.
 D = Time resting spent in this place.
 E = Time spent auto-exploring this place.
 F = Levels seen in this place.
 G = Mean time per level.
                   A        B        C        D        E       F      G
               +--------+--------+--------+--------+--------+-----+--------+
         Total |   3670 |   3631 |     39 |    431 |   2322 |   5 |  734.0 |
       Dungeon |   3670 |   3631 |     39 |    431 |   2322 |   5 |  734.0 |
               +--------+--------+--------+--------+--------+-----+--------+

Top non-repeatable levels by time:
     D:4: 884 daAuts
     D:2: 852 daAuts
     D:3: 775 daAuts
     D:1: 654 daAuts
     D:5: 503 daAuts
